 Dungeon Crawl Stone Soup version 0.21.1-1-g345015fe64 (webtiles) character file.

46549 GrandHerb the Fighter (level 14, -4/110 HPs)
             Began as a Demonspawn Fighter on July 7, 2018.
             Was the Champion of Okawaru.
             Slain by a shadow (19 damage)
             ... on level 1 of the Swamp on July 8, 2018.
             The game lasted 02:33:35 (22349 turns).

GrandHerb the Fighter (Demonspawn Fighter)         Turns: 22349, Time: 02:33:35

Health: -4/110     AC: 27    Str: 26    XL:     14   Next: 5%
Magic:  33/33      EV: 16    Int: 13    God:    Okawaru [******]
Gold:   1045       SH: 10    Dex: 12    Spells: 18/27 levels left

rFire    + . .     SeeInvis .   M - +8 scimitar (flame)
rCold    . . .     Gourm    .   J - +1 buckler {rPois}
rNeg     . . .     Faith    .   C - +6 ring mail of the Wilderness {Str+4 Int+3}
rPois    +         Spirit   .   (helmet unavailable)
rElec    .         Reflect  +   (no cloak)
rCorr    .         Harm     .   L - +0 pair of gloves
MR       +....                  a - +0 pair of boots {run}
Stlth    +.........             W - +3 amulet of reflection
HPRegen  0.28/turn              h - ring of magical power
MPRegen  0.23/turn              o - +3 ring of protection

@: sanguine armour, quick
A: horns 3, demonic guardian 1, fire resistance 1, foul stench 1, rot immunity,
sanguine armour 2
a: Heroism, Finesse, Renounce Religion


You were on level 1 of the Swamp.
You worshipped Okawaru.
Okawaru was exalted by your worship.
You were not hungry.

You visited 7 branches of the dungeon, and saw 23 of its levels.

You collected 1782 gold pieces.
You spent 737 gold pieces at shops.

Inventory:

Hand Weapons
 M - a +8 scimitar of flaming (weapon)
Armour
 a - a +0 pair of boots of running (worn)
 C - the +6 ring mail of the Wilderness (worn) {Str+4 Int+3}
   (Okawaru gifted it to you on level 12 of the Dungeon)

   It affects your strength (+4).
   It affects your intelligence (+3).
 J - a +1 buckler of poison resistance (worn)
 L - a +0 pair of gloves (worn)
Jewellery
 e - an uncursed amulet of rage
 h - a ring of magical power (left hand)
 o - a +3 ring of protection (right hand)
 H - an uncursed amulet of harm
 I - an uncursed ring of see invisible
 T - an uncursed ring of fire {unknown}
 W - a +3 amulet of reflection (around neck)
 X - an uncursed amulet of regeneration
Wands
 b - a wand of acid (12)
 c - a wand of paralysis (6)
 q - a wand of flame (55)
 y - a wand of clouds (8)
 G - a wand of polymorph (32)
 O - a wand of digging (13)
 Y - a wand of enslavement (11)
Scrolls
 i - 12 scrolls of remove curse
 k - 3 scrolls of magic mapping
 m - 9 scrolls of teleportation
 n - a scroll of holy word
 p - 6 scrolls of amnesia
 r - 3 scrolls of random uselessness
 u - 2 scrolls of immolation
 A - 3 scrolls of blinking
 B - 2 scrolls of fog
 D - a scroll of noise
 N - 2 scrolls of identify
 P - a scroll of enchant armour {unknown}
 Q - a scroll of torment {unknown}
Potions
 d - 3 potions of might
 j - a potion of lignification
 l - 3 potions of curing
 s - a potion of agility
 t - 4 potions of brilliance
 v - 2 potions of flight
 w - a potion of berserk rage
 z - 2 potions of heal wounds
 E - 6 potions of mutation
 F - a potion of resistance
 K - 2 potions of invisibility
 R - a potion of cancellation
 U - a potion of haste
 V - a potion of magic {unknown}
Books
 g - a book of Maledictions

   Spells                             Type                      Level
   a - Corona                         Hexes                        1
   b - Ensorcelled Hibernation        Hexes/Ice                    2
   c - Confuse                        Hexes                        3
   d - Tukima's Dance                 Hexes                        3
   e - Dazzling Spray                 Conjuration/Hexes            3
 x - a book of Minor Magic

   Spells                             Type                      Level
   a - Magic Dart                     Conjuration                  1
   b - Blink                          Translocation                2
   c - Call Imp                       Summoning                    2
   d - Slow                           Hexes                        2
   e - Conjure Flame                  Conjuration/Fire             3
   f - Mephitic Cloud                 Conjuration/Poison/Air       3
 Z - a book of Spatial Translocations

   Spells                             Type                      Level
   a - Blink                          Translocation                2
   b - Shroud of Golubria             Charms/Translocation         2
   c - Lesser Beckoning               Translocation                3
   d - Gell's Gravitas                Translocation                3
   e - Teleport Other                 Translocation                3
   f - Passage of Golubria            Translocation                4
Comestibles
 f - 43 rations


   Skills:
 + Level 10.1 Fighting
 + Level 9.2 Long Blades
 + Level 9.3 Armour
 + Level 8.8 Dodging
 + Level 9.3 Shields
 - Level 7.0 Spellcasting
 - Level 8.0 Translocations
 - Level 7.0 Invocations


You had 18 spell levels left.
You knew the following spells:

 Your Spells              Type           Power        Failure   Level  Hunger
a - Blink                 Tloc           N/A          1%          2    #......
b - Gell's Gravitas       Tloc           ####......   2%          3    ##.....
c - Passage of Golubria   Tloc           N/A          8%          4    ####...


Dungeon Overview and Level Annotations

Branches:
Dungeon (12/15)            Temple (1/1) D:7            Lair (5/6) D:8
  Swamp (1/4) Lair:4        Snake (1/4) Lair:3          Orc (2/2) D:9
    Elf (1/3) Orc:2
  Slime: Lair:5-6

Altars:
Ashenzari
Cheibriados
Dithmenos
Elyvilon
Fedhas
Gozag
Hepliaklqana
Kikubaaqudgha
Makhleb
Nemelex Xobeh
Okawaru
Qazlal
Ru
Sif Muna
Trog
Uskayaw
Vehumet
Wu Jian
Xom
Yredelemnul
Zin
The Shining One

Shops:
D:12 !   Orc:2 (*:[

Annotations:
D:2 exclusion: oklob plant


Innate Abilities, Weirdness & Mutations

You have a pair of large horns on your head.
A weak demonic guardian rushes to your aid.
Your flesh is heat resistant. (rF+)
You may emit foul miasma when damaged in melee.
You are immune to rotting.
When seriously injured, your bleeding wounds create thick armour. (AC +9)


Message History

You fall into the shallow water.
Moving in this stuff is going to be slow.
You enter the shallow water.
Moving in this stuff is going to be slow.
A swamp worm comes into view.
You miss the swamp worm. Your headbutt misses the swamp worm.
You block the swamp worm's attack.
You hit the swamp worm. You burn the swamp worm.
Your headbutt misses the swamp worm.
The swamp worm is lightly wounded.
The swamp worm barely misses you.
You hit the swamp worm. You burn the swamp worm. You headbutt the swamp worm!
The swamp worm is severely wounded.
You block the swamp worm's attack.
You slash the swamp worm! You burn the swamp worm!
You kill the swamp worm!
Okawaru accepts your kill.
You miss something. You headbutt something!
The shadow strikes at you from the darkness!
You die...

♣♣♣♣♣♣♣ ♣♣♣ ♣♣...≈.♣♣♣.♣♣♣
♣≈.†♣≈.≈..≈..♣ ♣≈≈≈≈..≈≈.≈≈.♣♣
♣♣.≈≈≈§≈≈♣.≈≈≈≈♣
♣.≈≈§≈≈♣≈≈.≈≈≈@♣
♣♣.≈♣≈≈≈≈≈.≈.†{♣♣♣
♣.≈≈.≈≈....≈.≈.>♣♣♣♣
♣♣≈≈♣.♣≈≈≈≈≈≈.......♣♣♣♣♣♣
♣..≈≈.≈≈≈≈≈≈..≈.......≈≈.♣♣
♣..♣♣≈♣≈≈≈≈≈.≈≈...........♣♣♣
♣.♣≈≈≈≈≈≈≈......≈...........♣♣♣
♣...≈...≈≈≈≈≈≈≈♣≈..♣♣♣..).≈.≈..
♣♣.♣≈≈≈≈.≈.≈≈..≈≈≈.≈.♣♣...≈≈≈≈≈≈


There were no monsters in sight!

Vanquished Creatures
  Donald (Orc:1)
  An orc warlord (Orc:2)
  A hydra (D:12)
  Erica (D:8)
  2 alligators (Swamp:1)
  2 two-headed ogres
  4 orc high priests
  2 unseen horrors (D:10)
  A swamp dragon (Swamp:1)
  A shambling mangrove (Swamp:1)
  5 orc knights
  Pikel (D:6)
  2 orc sorcerers (Orc:1)
  An ugly thing (D:12)
  A cyclops (D:11)
  The ghost of GotenAND the Chopper, a novice TrBe of Trog (D:5)
  2 black mambas (Lair:4)
  5 spiny frogs
  A centaur skeleton (D:10)
  5 komodo dragons
  A rime drake (Lair:4)
  3 trolls
  A queen bee (Lair:3)
  4 hornets (Swamp:1)
  A polar bear (Lair:4)
  A tyrant leech (Swamp:1)
  5 hippogriffs
  5 bog bodies (Swamp:1)
  2 blink frogs (Lair:2)
  3 spriggans
  6 shadows (Swamp:1)
  A water elemental (Elf:1)
  28 yaks
  2 wyverns
  3 basilisks
  A hungry ghost (D:8)
  10 vampire mosquitoes (Swamp:1)
  3 wargs (Orc:1)
  5 swamp worms (Swamp:1)
  6 nagas (Lair:3)
  6 water moccasins
  5 porcupines
  Duvessa (D:6)
  6 swamp drakes
  3 ice beasts
  21 orc warriors
  3 sky beasts
  2 black bears
  An eye of draining (D:8)
  2 phantoms
  3 necrophages (Swamp:1)
  8 ogres
  8 wolves (Lair:4)
  10 centaurs
  9 crocodiles
  4 big kobolds
  8 bullfrogs
  2 scorpions
  Dowan (D:6)
  35 killer bees
  2 howler monkeys
  4 electric eels
  A crimson imp (D:5)
  A bullfrog zombie (D:5)
  2 jellies
  A quasit (D:9)
  A hound (D:6)
  12 orc wizards
  A centaur zombie (D:10)
  A bullfrog skeleton (D:10)
  10 orc priests
  A gnoll shaman (Orc:1)
  7 iguanas
  4 worker ants
  A hound zombie (D:3)
  2 worker ant zombies
  7 gnolls
  13 adders
  4 shadow imps
  An ooze (D:3)
  2 dart slugs
  6 leopard geckos
  31 orcs
  5 bats
  5 giant cockroaches
  5 goblins
  11 hobgoblins
  25 jackals
  4 quokkas
  A ball python (D:11)
  5 frilled lizards
  A giant cockroach zombie (D:5)
  A jackal zombie (D:8)
  22 kobolds
  A leopard gecko skeleton (D:5)
  A quokka skeleton (D:9)
  12 rats
  A bush (D:9)
  2 fungi (Lair:3)
  2 plants
488 creatures vanquished.

Vanquished Creatures (collateral kills)
  An alligator (Swamp:1)
  The ghost of kajmaj the Cleaver, a novice MiFi of Makhleb (D:6)
  A cyclops (D:12)
  A rime drake (Lair:2)
  A troll (Orc:1)
  A blink frog (Lair:2)
  A yak (Lair:2)
  A hungry ghost (D:8)
  An ogre (D:8)
  A centaur (D:5)
  A scorpion (D:5)
  A killer bee (D:7)
  An orc priest (D:8)
  An orc wizard (D:3)
  A worker ant (D:5)
  2 gnolls (D:3)
  9 orcs
26 creatures vanquished.

Vanquished Creatures (others)
  Nessos (Lair:4)
  A bog body (Swamp:1)
  4 slaves (D:6)
  A worker ant (D:6)
  A jackal (D:6)
  4 fungi
  3 plants
  15 toadstools (D:2)
  2 withered plants (Swamp:1)
32 creatures vanquished.

Grand Total: 546 creatures vanquished

Notes
Turn   | Place    | Note
-------+----------+-------------------------------------------
     0 | D:1      | GrandHerb the Demonspawn Fighter began the quest for the Orb.
     0 | D:1      | Reached XP level 1. HP: 18/18 MP: 1/1
   366 | D:1      | Gained mutation: You have a pair of small horns on your head. [demonic ancestry]
   366 | D:1      | Reached XP level 2. HP: 12/24 MP: 2/2
   719 | D:2      | Gained mutation: A weak demonic guardian rushes to your aid. [demonic ancestry]
   719 | D:2      | Reached XP level 3. HP: 24/29 MP: 3/3
   860 | D:2      | Reached skill level 1 in Dodging
  1165 | D:2      | Found a blossoming altar of Fedhas.
  1184 | D:2      | Noticed an oklob plant
  1286 | D:3      | Gained mutation: You have a pair of horns on your head. [demonic ancestry]
  1286 | D:3      | Reached XP level 4. HP: 28/35 MP: 4/4
  1713 | D:3      | Noticed a centaur
  1725 | D:3      | Killed a centaur
  1725 | D:3      | Reached XP level 5. HP: 26/42 MP: 5/5
  1866 | D:3      | Reached skill level 4 in Fighting
  2001 | D:3      | Learned a level 2 spell: Blink
  2133 | D:4      | Got a fine dagger
  2134 | D:4      | Identified the +5 dagger "Transmigrator" {drain, +Inv Dex-5 Stlth+} (You found it on level 4 of the Dungeon)
  2148 | D:4      | Gained mutation: When seriously injured, your bleeding wounds create armour. (AC +9) [demonic ancestry]
  2148 | D:4      | Reached XP level 6. HP: 43/48 MP: 6/6
  2185 | D:4      | Found an ancient bone altar of Kikubaaqudgha.
  2702 | D:4      | Noticed a sky beast
  2713 | D:4      | Killed a sky beast
  2713 | D:4      | Reached skill level 1 in Spellcasting
  2752 | D:4      | Reached skill level 1 in Translocations
  3058 | D:5      | Entered Level 5 of the Dungeon
  3067 | D:5      | Gained mutation: You are immune to rotting. [demonic ancestry]
  3067 | D:5      | Reached XP level 7. HP: 53/55 MP: 8/8
  3574 | D:5      | Noticed GotenAND's ghost (novice TrBe)
  3600 | D:5      | Killed GotenAND's ghost
  3672 | D:5      | Gained mutation: When seriously injured, your bleeding wounds create thick armour. (AC +9) [demonic ancestry]
  3672 | D:5      | Reached XP level 8. HP: 38/61 MP: 11/11
  3831 | D:5      | Found a sacrificial altar of Ru.
  3855 | D:5      | Became a worshipper of Ru the Awakened
  4212 | D:6      | Noticed Pikel
  4233 | D:6      | Killed Pikel
  4233 | D:6      | Reached skill level 5 in Fighting
  4419 | D:6      | Noticed kajmaj's ghost (novice MiFi)
  4704 | D:6      | Killed kajmaj's ghost
  4704 | D:6      | Reached skill level 5 in Armour
  4704 | D:6      | Reached skill level 5 in Shields
  4704 | D:6      | Gained mutation: You have a pair of large horns on your head. [demonic ancestry]
  4704 | D:6      | Reached XP level 9. HP: 45/68 MP: 13/13
  5176 | D:6      | Noticed Duvessa
  5218 | D:6      | Noticed Dowan
  5247 | D:6      | Killed Dowan
  5401 | D:6      | Killed Duvessa
  5689 | D:7      | Found a bloodstained altar of Trog.
  5879 | D:7      | Found a staircase to the Ecumenical Temple.
  5907 | Temple   | Entered the Ecumenical Temple
  6161 | Temple   | Fell from the grace of Ru
  6161 | Temple   | Became a worshipper of Warmaster Okawaru
  6394 | D:7      | Found a stormy altar of Qazlal.
  6426 | D:7      | Reached skill level 1 in Invocations
  6608 | D:7      | Reached skill level 5 in Long Blades
  6727 | D:7      | Found a shadowy altar of Dithmenos.
  6727 | D:7      | Found a radiant altar of Vehumet.
  6823 | D:8      | Reached * piety under Okawaru
  7307 | D:8      | Reached skill level 6 in Fighting
  7504 | D:8      | Found a bloodstained altar of Trog.
  7587 | D:8      | Noticed Erica
  7604 | D:8      | Killed Erica
  7604 | D:8      | Reached ** piety under Okawaru
  7604 | D:8      | Gained mutation: You may emit foul miasma when damaged in melee. [demonic ancestry]
  7604 | D:8      | Reached XP level 10. HP: 23/76 MP: 16/16
  7974 | D:8      | Reached skill level 5 in Dodging
  8107 | D:8      | Reached *** piety under Okawaru
  8128 | D:8      | Found a staircase to the Lair.
  8597 | Lair:1   | Entered Level 1 of the Lair of Beasts
  9330 | D:9      | Found a staircase to the Orcish Mines.
  9356 | Orc:1    | Entered Level 1 of the Orcish Mines
  9356 | Orc:1    | Found a shimmering altar of Xom.
  9582 | Orc:1    | Reached skill level 5 in Spellcasting
  9583 | Orc:1    | Reached **** piety under Okawaru
  9787 | Orc:1    | Reached skill level 5 in Translocations
  9877 | Orc:1    | Reached skill level 7 in Fighting
 10006 | Orc:1    | Noticed a two-headed ogre
 10011 | Orc:1    | Killed a two-headed ogre
 10137 | Orc:2    | Entered Level 2 of the Orcish Mines
 10137 | Orc:2    | Noticed an orc high priest
 10137 | Orc:2    | Noticed an orc high priest
 10145 | Orc:2    | Noticed Donald
 10148 | Orc:1    | Reached XP level 11. HP: 79/84 MP: 18/18
 10158 | Orc:2    | Noticed a sixfirhy
 10170 | Orc:1    | HP: 1/84 [Donald/broad axe of chopping (6)]
 10897 | D:9      | Found an opulent altar of Gozag.
 10906 | D:9      | Found a sacrificial altar of Ru.
 10908 | D:9      | Found a hide-covered altar of Uskayaw.
 11089 | D:10     | Entered Level 10 of the Dungeon
 11644 | D:10     | Killed an unseen horror
 11788 | D:10     | Reached ***** piety under Okawaru
 11880 | D:10     | Noticed a two-headed ogre
 11886 | D:10     | Killed a two-headed ogre
 11942 | D:10     | Killed an unseen horror
 12117 | Orc:1    | Killed Donald
 12117 | Orc:1    | Received a gift from Okawaru
 12462 | Orc:2    | Found Fugyokh's Antique Armour Boutique.
 13489 | D:11     | Found Soxaek's Serpentskin Sales.
 14076 | D:11     | Reached skill level 8 in Fighting
 14076 | D:11     | Reached skill level 5 in Invocations
 14199 | D:12     | Noticed a five-headed hydra
 14215 | D:12     | Killed a two-headed hydra
 14215 | D:12     | Reached XP level 12. HP: 24/92 MP: 21/21
 14240 | D:12     | Received a gift from Okawaru
 14243 | D:12     | Got a pitted ring mail {god gift}
 14254 | D:12     | Identified the +6 ring mail of the Wilderness {Str+4 Int+3} (Okawaru gifted it to you on level 12 of the Dungeon)
 14599 | D:12     | Found Doiw's Distillery.
 14608 | D:12     | Bought a potion of cancellation for 104 gold pieces
 14608 | D:12     | Bought 2 potions of invisibility for 208 gold pieces
 14608 | D:12     | Bought a potion of invisibility for 104 gold pieces
 14608 | D:12     | Bought a potion of mutation for 104 gold pieces
 16853 | Lair:3   | Found a staircase to the Snake Pit.
 17777 | Orc:2    | Noticed an orc high priest
 17789 | Orc:2    | Killed an orc high priest
 17925 | Orc:2    | Killed an orc high priest
 17925 | Orc:2    | Reached ****** piety under Okawaru
 17925 | Orc:2    | Reached skill level 9 in Fighting
 17928 | Orc:2    | Noticed an orc high priest
 17937 | Orc:1    | Killed an orc high priest
 17937 | Orc:1    | Gained mutation: Your flesh is heat resistant. (rF+) [demonic ancestry]
 17937 | Orc:1    | Reached XP level 13. HP: 52/101 MP: 23/23
 18255 | Orc:2    | Paralysed by an orc sorcerer for 4 turns
 18275 | Orc:1    | Paralysed by an orc sorcerer for 6 turns
 18587 | Orc:2    | Bought a pair of embroidered boots for 217 gold pieces
 18594 | Orc:2    | Identified a +0 pair of boots of running (You bought it in a shop on level 2 of the Orcish Mines)
 18826 | Orc:2    | Found Acacekea's General Store.
 18910 | Orc:2    | Noticed an orc warlord
 19044 | Orc:1    | Received a gift from Okawaru
 19552 | Orc:2    | Paralysed by an orc sorcerer for 5 turns
 19556 | Orc:2    | HP: 2/101 [orc sorcerer/dagger (4)]
 19832 | Orc:2    | Found Git Waic's Book Shop.
 19855 | Orc:2    | Found a staircase to the Elven Halls.
 19937 | Orc:2    | Found Vodoesm's Antique Weapon Boutique.
 20166 | Orc:2    | Killed an orc warlord
 20361 | Elf:1    | Entered Level 1 of the Elven Halls
 20535 | Snake:1  | Entered Level 1 of the Snake Pit
 20639 | Lair:4   | Found a staircase to the Swamp.
 20769 | Lair:4   | Noticed Nessos
 20785 | Lair:4   | Killed Nessos
 21423 | Swamp:1  | Entered Level 1 of the Swamp
 21497 | Swamp:1  | Learned a level 3 spell: Gell's Gravitas
 21502 | Swamp:1  | Learned a level 4 spell: Passage of Golubria
 21643 | Swamp:1  | Received a gift from Okawaru
 21725 | Swamp:1  | Paralysed by a hornet for 3 turns
 21735 | Swamp:1  | Reached skill level 10 in Fighting
 22259 | Swamp:1  | Reached XP level 14. HP: 87/110 MP: 24/24
 22301 | Swamp:1  | Noticed a ghoul
 22349 | Swamp:1  | Slain by a shadow

Skill      XL: |  1  2  3  4  5  6  7  8  9 10 11 12 13 |
---------------+----------------------------------------+-----
Long Blades    | 2 3 4 5 6 7 8 9 |  9.2
Armour         | 3 4 5 6 7 8 9 |  9.3
Shields        | 3 4 5 6 7 8 9 |  9.3
Dodging        | 1 2 3 4 5 6 7 8 |  8.8
Fighting       | 4 5 6 7 8 9 10 | 10.1
Spellcasting   | 1 2 3 4 5 6 7 |  7.0
Translocations | 1 2 3 4 5 6 7 8 |  8.0
Invocations    | 3 4 5 7 |  7.0

Action                   |  1- 3 |  4- 6 |  7- 9 | 10-12 | 13-15 || total
-------------------------+-------+-------+-------+-------+-------++-------
Melee: Long sword        |   116 |   196 |   271 |       |       ||   583
       Headbutt          |    13 |    25 |    64 |   148 |   104 ||   354
       Scimitar          |       |       |       |   659 |   370 ||  1029
 Cast: Blink             |       |       |       |     2 |    11 ||    13
       Gell's Gravitas   |       |       |       |       |    13 ||    13
Invok: Heroism           |       |       |     1 |     2 |     1 ||     4
       Finesse           |       |       |       |     1 |       ||     1
 Abil: Evoke Berserk Rag |       |       |     1 |       |       ||     1
Evoke: Wand              |       |       |       |       |     2 ||     2
  Use: Scroll            |       |    14 |     6 |    14 |       ||    34
       Potion            |       |       |     2 |     6 |     5 ||    13
 Stab: Distracted        |       |     1 |     3 |     6 |     1 ||    11
       Invisible         |       |       |       |     3 |       ||     3
  Eat: Chunk             |     1 |     7 |    13 |    26 |     9 ||    56
       Ration            |       |       |     1 |     2 |     2 ||     5
Armor: Scale mail        |    62 |    96 |   128 |   116 |       ||   402
       Skin              |       |       |    10 |       |       ||    10
       Ring mail         |       |       |       |   120 |   129 ||   249
Dodge: Dodged            |    45 |    69 |   117 |   262 |   198 ||   691
Block: Shield            |    64 |    94 |   148 |   369 |   100 ||   775
       Reflection        |       |       |       |     3 |     9 ||    12
       Buckler           |       |       |       |       |   128 ||   128
       Rpst.: Long sword |    14 |    16 |    40 |       |       ||    70
       Scimitar          |       |       |       |    65 |    47 ||   112
